 Dungeon Crawl Stone Soup version 0.18.1-8-gdd0e5ea (webtiles) character file.

336 Gargoyl the Skirmisher (level 6, -4/48 HPs)
             Began as a Demonspawn Abyssal Knight on June 6, 2016.
             Was a Priest of Lugonu.
             Slain by a worm (5 damage)
             ... on level 3 of the Dungeon.
             The game lasted 00:04:59 (3011 turns).

Gargoyl the Skirmisher (Demonspawn Abyssal Knight)  Turns: 3011, Time: 00:05:00

Health: -4/48      AC:  9    Str: 15    XL:     6   Next: 28%
Magic:  0/2        EV: 11    Int: 13    God:    Lugonu [***...]
Gold:   95         SH:  0    Dex: 12    Spells: 0 memorised, 5 levels left

rFire  . . .     SeeInvis +     d - +6 great sword of Wored {antimagic, SInv}
rCold  . . .     Gourm    .     o - +0 ring mail
rNeg   . . .     Faith    .     (shield currently unavailable)
rPois  .         Spirit   +     h - +0 hat
rElec  .         Dismiss  .     (no cloak)
rCorr  +         Reflect  .     (no gloves)
SustAt .         Harm     .     j - +0 pair of boots
MR     .....                    v - amulet of magic regeneration
Stlth  +.........               (no ring)
                                t - ring of resist corrosion

@: lethally poisoned (-4 -> -9), not resistant to hostile enchantments, very
unstealthy
A: claws 1, slimy green scales 1, magic shield, magic regeneration, rot immunity
a: Depart the Abyss, Bend Space, Banish, Renounce Religion


You were on level 3 of the Dungeon.
You worshipped Lugonu.
Lugonu was most pleased with you.
You were not hungry.

You visited 1 branch of the dungeon, and saw 3 of its levels.
You visited the Abyss 1 time.

You collected 95 gold pieces.

Inventory:

Hand Weapons
 a - a +2 hand axe
 d - the +6 great sword of Wored (weapon) {antimagic, SInv}
   (You found it on level 2 of the Abyss)

   It disrupts the flow of magical energy around spellcasters and certain
   magical creatures (including the wielder).
   It lets you see invisible.
Armour
 h - a +0 hat (worn)
 j - a +0 pair of boots (worn)
 o - a +0 ring mail (worn)
Jewellery
 t - a ring of resist corrosion (left claw)
 v - an amulet of magic regeneration (around neck)
Scrolls
 g - 3 scrolls of identify
 p - 2 scrolls of blinking
Potions
 f - 3 potions of degeneration {unknown}
 i - a potion of lignification {unknown}
 k - a potion of haste {unknown}
 m - a potion of curing {unknown}
 n - a potion of flight {unknown}
 q - a potion of cancellation {unknown}
 r - 2 potions of agility {unknown}
 u - a potion of beneficial mutation {unknown}
Comestibles
 b - a slice of pizza
 c - 4 bread rations


   Skills:
 + Level 4.2 Fighting
 + Level 2.1 Long Blades
 + Level 2.0 Axes
 * Level 3.7 Armour
 + Level 2.5 Dodging
 + Level 1.0 Stealth
 + Level 2.5 Invocations


You had 5 spell levels left.
You didn't know any spells.

Dungeon Overview and Level Annotations

Branches:
Dungeon (3/15)

Altars:
Okawaru
Ru


Innate Abilities, Weirdness & Mutations

You have sharp fingernails.
You are partially covered in slimy green scales (AC +2).
When hurt, damage is shared between your health and your magic reserves.
You regenerate magic rapidly.
You are immune to rotting.


Message History

You kill the giant gecko!
Lugonu accepts your kill.
You feel sick.
You slash the worm!
The worm is severely wounded.
You feel sick. The worm bites you but does no damage.
You barely miss the worm.
The worm is severely wounded.
You feel sick. The worm bites you!
* * * LOW HITPOINT WARNING * * *
You barely miss the worm.
The worm is severely wounded.
* * * LOW HITPOINT WARNING * * *
You feel sick. The worm bites you.
* * * LOW HITPOINT WARNING * * *
You completely miss the worm.
The worm is heavily wounded.
* * * LOW HITPOINT WARNING * * *
You feel sick. The worm bites you.
You die...

........#
##.##.....##
#..######
#.##......## #..
#.##.......# #.
#..#.......# .
######.#.......#
#....#.#.......#
#....# #.......#
#....# ##..##### #
##....#.##@##
#.#.##.....#.##w#
................##
#.<.. #...w.:.....
......#...........
#......<...........
......#............#
.........#.........#
...................#


You could see a worm.

Vanquished Creatures
  An orc wizard (D:3)
  Jessica (D:2)
  Ijyb (D:3)
  Terence (D:3)
  Natasha (thrice) (D:2)
  5 adders
  2 gnolls (D:2)
  An ooze (D:1)
  A worm (D:2)
  5 dart slugs
  4 giant geckos
  5 orcs
  2 giant cockroaches
  3 goblins
  9 hobgoblins
  6 jackals (D:2)
  A ball python (D:2)
  10 bats
  4 giant newts
  6 kobolds
  7 rats
78 creatures vanquished.

Notes
Turn   | Place    | Note
--------------------------------------------------------------
     0 | Abyss:1  | Gargoyl the Demonspawn Abyssal Knight began the quest for the Orb.
     0 | Abyss:1  | Reached XP level 1. HP: 18/18 MP: 2/2
    35 | Abyss:2  | Got an iridescent great sword
    49 | D:1      | Escaped the Abyss
    50 | D:1      | Identified the +6 great sword of Wored {antimagic, SInv} (You found it on level 2 of the Abyss)
   155 | D:1      | Reached * piety under Lugonu
   276 | D:1      | Gained mutation: You are partially covered in slimy green scales (AC +2). [demonic ancestry]
   276 | D:1      | Reached XP level 2. HP: 10/24 MP: 1/3
   480 | D:1      | Reached skill level 1 in Dodging
  1238 | D:1      | Gained mutation: When hurt, damage is shared between your health and your magic reserves. [demonic ancestry]
  1238 | D:1      | Reached XP level 3. HP: 29/29 MP: 1/4
  1297 | D:2      | Found a sacrificial altar of Ru.
  1515 | D:2      | Noticed Natasha
  1687 | D:2      | Killed Natasha
  1687 | D:2      | Gained mutation: You are immune to rotting. [demonic ancestry]
  1687 | D:2      | Reached XP level 4. HP: 18/37 MP: 1/5
  1912 | D:2      | Reached ** piety under Lugonu
  1914 | D:2      | Reached skill level 1 in Stealth
  2012 | D:2      | Noticed Natasha
  2016 | D:2      | Killed Natasha
  2016 | D:2      | Reached skill level 1 in Long Blades
  2020 | D:2      | Noticed Jessica
  2026 | D:2      | Killed Jessica
  2026 | D:2      | Gained mutation: You regenerate magic rapidly. [demonic ancestry]
  2026 | D:2      | Reached XP level 5. HP: 23/42 MP: 0/6
  2155 | D:2      | Noticed Natasha
  2163 | D:2      | Killed Natasha
  2163 | D:2      | Reached skill level 4 in Fighting
  2698 | D:2      | Found an iron altar of Okawaru.
  2938 | D:3      | Reached *** piety under Lugonu
  2969 | D:3      | Noticed Ijyb
  2978 | D:3      | Noticed Terence
  2984 | D:3      | Killed Ijyb
  2984 | D:3      | Gained mutation: You have sharp fingernails. [demonic ancestry]
  2984 | D:3      | Reached XP level 6. HP: 44/48 MP: 2/7
  3003 | D:3      | Killed Terence
  3011 | D:3      | HP: 1/48 [poisoned by Terence]
  3011 | D:3      | Slain by a worm

Skill      XL: |  1  2  3  4  5  6 |
---------------+-------------------+-----
Armour         | 2 3 |  3.7
Axes           | 2 |  2.0
Dodging        | 1 2 |  2.5
Stealth        | 1 |  1.0
Long Blades    | 1 2 |  2.1
Fighting       | 4 |  4.2
Invocations    | |  2.5

Action                   |  1- 3 |  4- 6 || total
-------------------------+-------+-------++-------
Melee: Great sword       |    77 |   107 ||   184
Invok: Depart the Abyss  |     1 |       ||     1
  Use: Scroll            |       |     5 ||     5
  Eat: Chunk             |     3 |     4 ||     7
Armor: Leather armour    |    41 |       ||    41
       Ring mail         |     4 |    68 ||    72
Dodge: Dodged            |    62 |    90 ||   152
